 Dungeon Crawl Stone Soup version 0.30.1-11-g7821555f0a (webtiles) character file.

Game seed: 16798355701933270197

2496 SacredBeard the Grave Robber (level 9, -2/66 HPs)
             Began as a Demonspawn Necromancer on Nov 3, 2023.
             Slain by a brown ugly thing (6 damage)
             ... on level 6 of the Dungeon.
             The game lasted 00:23:55 (6584 turns).

SacredBeard the Grave Robber (DsNe)                 Turns: 6584, Time: 00:23:57

Health: -2/66      AC:  2    Str: 12    XL:     9   Next: 28%
Magic:  24/24      EV: 14    Int: 16    God:
Gold:   332        SH:  0    Dex: 18    Spells: 15/16 levels left

rFire   . . .        r - +8 mace "Qairho" {flame, rCorr Str+3 SInv}
rCold   . . .        (no shield)
rNeg    . . .        n - +0 steam dragon scales
rPois   .            (no helmet)
rElec   .            F - +0 cloak
rCorr   +            (no gloves)
SInv    +            (no boots)
Will    .....        (no amulet)
Stlth   +++          y - ring of magical power
HPRegen 0.31/turn    D - ring of resist corrosion
MPRegen 0.19/turn

%: no passive effects
@: corroded
A: yellow scales 2, powered by death 2
a: no special abilities


You were on level 6 of the Dungeon.
You visited 1 branch of the dungeon, and saw 6 of its levels.

You collected 412 gold pieces.
You spent 80 gold pieces at shops.

Inventory:

Hand Weapons
 r - the +8 mace "Qairho" (weapon) {flame, rCorr Str+3 SInv}
   (You found it on level 3 of the Dungeon)

   Str:       It affects your strength (+3).
   SInv:      It lets you see invisible.
   rCorr:     It protects you from acid and corrosion.
Armour
 n - +0 steam dragon scales (worn)
 F - a +0 cloak (worn)
Jewellery
 y - a ring of magical power (left hand)
 D - a ring of resist corrosion (right hand)
 E - a ring of protection from fire
Wands
 o - a wand of charming (3)
 C - a wand of digging (7)
Scrolls
 a - a scroll of brand weapon {unknown}
 c - 4 scrolls of poison {unknown}
 d - 4 scrolls of immolation {unknown}
 e - 7 scrolls of identify {unknown}
 g - 2 scrolls of blinking {unknown}
 i - 2 scrolls of amnesia {unknown}
 k - 2 scrolls of fog {unknown}
 l - 2 scrolls of noise {unknown}
 p - 2 scrolls of fear {unknown}
 q - 2 scrolls of vulnerability {unknown}
 u - a scroll of magic mapping {unknown}
 v - 2 scrolls of enchant weapon {unknown}
 A - 2 scrolls of teleportation {unknown}
 B - a scroll of enchant armour {unknown}
Potions
 b - a potion of magic
 f - a potion of berserk rage {unknown}
 h - a potion of ambrosia {unknown}
 j - 2 potions of mutation {unknown}
 m - 2 potions of curing
 s - a potion of haste {unknown}
 t - 2 potions of invisibility {unknown}
 w - a potion of flight {unknown}
 x - a potion of resistance {unknown}
 z - a potion of attraction {unknown}
Miscellaneous
 G - a phial of floods


   Skills:
 + Level 4.3 Fighting
 + Level 4.3 Armour
 + Level 4.3 Dodging
 + Level 5.3 Stealth
 + Level 4.3 Spellcasting
 + Level 6.3 Necromancy
 + Level 5.3 Evocations


You had 15 spell levels left.
You knew the following spells:

 Your Spells              Type           Power      Damage    Failure   Level
a - Necrotise             Necr           92%        1d8       1%          1

Your spell library contained the following spells:

 Spells                   Type           Power      Damage    Failure   Level
 Vampiric Draining        Necr           23%        2d7       3%          3
 Animate Dead             Necr           23%        N/A       12%         4
 Freeze                   Ice            12%        1d3       17%         1
 Summon Small Mammal      Summ           12%        N/A       17%         1
 Poisonous Vapours        Pois/Air       6%         N/A       26%         2
 Agony                    Necr           23%        N/A       34%         5
 Call Canine Familiar     Summ           3%         N/A       45%         3
 Dazzling Flash           Conj/Hex       6%         N/A       45%         3
 Frozen Ramparts          Ice            6%         1d1       45%         3
 Hailstorm                Conj/Ice       3%         3d3       45%         3
 Mephitic Cloud           Conj/Pois/Air  3%         N/A       45%         3
 Summon Guardian Golem    Hex/Summ       3%         N/A       45%         3
 Volatile Blastmotes      Fire/Tloc      6%         2d10      45%         3
 Iskenderun's Mystic Bla  Conj/Tloc      3%         2d3       86%         4
 Freezing Cloud           Conj/Ice/Air   1%         6-21      99%         5
 Starburst                Conj/Fire      1%         6d3       100%        6


Dungeon Overview and Level Annotations

Branches:
Dungeon (6/15) Zot: 25265
 Temple: D:4-7

Altars:
Cheibriados
Okawaru
Sif Muna
Uskayaw
Vehumet
Wu Jian

Shops:
D:2 !

Annotations:
D:4 exclusion: statue
D:6 4 runed translucent doors, Pikel


Innate Abilities, Weirdness & Mutations

You are mostly covered in yellow scales. (AC +3)
You regenerate health from kills.


Message History

You closely miss the brown ugly thing.
The brown ugly thing is heavily wounded.
The brown ugly thing barely misses you. The brown ugly thing misses you.
You barely miss the brown ugly thing.
The brown ugly thing is heavily wounded.
The brown ugly thing gores you! The acid corrodes you!
You are splashed with acid.
You resist.
You barely miss the brown ugly thing.
The brown ugly thing is heavily wounded.
The brown ugly thing barely misses you.
You barely miss the brown ugly thing.
The brown ugly thing is heavily wounded.
The brown ugly thing barely misses you. x2
You closely miss the brown ugly thing.
The brown ugly thing is moderately wounded.
The brown ugly thing misses you.
You hit the brown ugly thing. You burn the brown ugly thing.
The brown ugly thing is heavily wounded.
The brown ugly thing gores you. The acid corrodes you!
You are splashed with acid.
You resist.
* * * LOW HITPOINT WARNING * * *
The brown ugly thing misses you.
You barely miss the brown ugly thing.
The brown ugly thing is heavily wounded.
The brown ugly thing gores you!
* * * LOW HITPOINT WARNING * * *
You are splashed with acid.
You resist.
* * * LOW HITPOINT WARNING * * *
You feel better. The brown ugly thing misses you.
You hit the brown ugly thing. You burn the brown ugly thing.
The brown ugly thing is heavily wounded.
The brown ugly thing closely misses you.
You hit the brown ugly thing but do no damage.
The brown ugly thing is heavily wounded.
The brown ugly thing gores you.
* * * LOW HITPOINT WARNING * * *
You are splashed with acid.
You resist.
* * * LOW HITPOINT WARNING * * *
The brown ugly thing gores you.
You die...

############ #...........
##.########## ##...#######).
##.......(.....
#############
#####.##.##.#####..
............###.@u..#####...
##. #.>.............###.#
#.#.# #. #.#########.#####
##.# ..#.# #. #.# #.# #..
#.#.####. ..# #.#
.....##..... ### #.#
.########## # #.# .#
###########.# #### .
.........##.# #..#


You could see a brown ugly thing.

Vanquished Creatures
  A cyclops (D:6)
  A kobold demonologist (D:6)
  A wraith (D:6)
  A steam dragon (D:6)
  Menkaure (D:4)
  An ice beast (D:5)
  An orc warrior (D:6)
  2 ogres (D:6)
  3 lemures (D:5)
  2 kobold brigands
  A scorpion (D:5)
  5 wights
  2 hounds
  3 jellies (D:6)
  2 orc priests
  A sleepcap (D:5)
  3 iguanas (D:5)
  6 orc wizards
  7 adders
  An ufetubus (D:6)
  2 worms (D:2)
  2 dart slugs
  27 orcs
  9 ball pythons
  2 bats (D:3)
  5 goblins
  7 hobgoblins
  4 jackals (D:3)
  6 quokkas
  A frilled lizard (D:3)
  22 kobolds
  5 rats
137 creatures vanquished.

Vanquished Creatures (collateral kills)
  An adder (D:2)
  A dart slug (D:2)
  A bat (D:1)
  A hobgoblin (D:3)
  A kobold (D:3)
5 creatures vanquished.

Grand Total: 142 creatures vanquished

Notes
Turn   | Place    | Note
-------+----------+-------------------------------------------
     0 | D:1      | SacredBeard the Demonspawn Necromancer began the quest for
                  | the Orb.
     0 | D:1      | Reached XP level 1. HP: 13/13 MP: 3/3
   114 | D:1      | Gained mutation: You regenerate a little health from kills.
                  | [demonic ancestry]
   114 | D:1      | Reached XP level 2. HP: 20/20 MP: 1/5
   722 | D:2      | Reached XP level 3. HP: 17/25 MP: 1/6
   819 | D:2      | Reached skill level 1 in Fighting
   890 | D:2      | Reached skill level 1 in Armour
  1388 | D:2      | Gained mutation: You are partially covered in yellow
                  | scales. (AC +2) [demonic ancestry]
  1388 | D:2      | Reached XP level 4. HP: 6/32 MP: 1/7
  1504 | D:2      | Found Xugum's Distillery.
  1518 | D:2      | Bought a potion of curing for 30 gold pieces
  1518 | D:2      | Bought a potion of heal wounds for 50 gold pieces
  1804 | D:3      | Identified the +8 mace "Qairho" {flame, rCorr Str+3 SInv}
  2800 | D:4      | Found a snail-covered altar of Cheibriados.
  2898 | D:4      | Reached skill level 5 in Necromancy
  3003 | D:4      | Found a radiant altar of Vehumet.
  3003 | D:4      | Noticed a frost-covered statue
  3003 | D:4      | Noticed Menkaure
  3017 | D:4      | Killed Menkaure
  3018 | D:4      | Reached skill level 1 in Evocations
  3018 | D:4      | Reached XP level 5. HP: 27/38 MP: 7/9
  3079 | D:4      | Reached XP level 6. HP: 32/44 MP: 10/10
  3856 | D:5      | Entered Level 5 of the Dungeon
  4083 | D:5      | Gained mutation: You regenerate health from kills. [demonic
                  | ancestry]
  4083 | D:5      | Reached XP level 7. HP: 32/50 MP: 11/11
  4156 | D:5      | Noticed a +0 hand axe
  4158 | D:5      | Noticed a +0 hand axe
  4177 | D:5      | Reached skill level 6 in Necromancy
  4200 | D:5      | Found a hide-covered altar of Uskayaw.
  4283 | D:5      | Found an ornate altar of the Wu Jian Council.
  4353 | D:5      | Found a shimmering blue altar of Sif Muna.
  4895 | D:5      | Gained mutation: You are mostly covered in yellow scales.
                  | (AC +3) [demonic ancestry]
  4895 | D:5      | Reached XP level 8. HP: 44/53 MP: 13/13
  5239 | D:6      | Noticed Pikel
  5244 | D:6      | Noticed a cyclops
  5288 | D:6      | HP: 2/60 [lemure[Pikel] (4)]
  5454 | D:6      | Found an iron altar of Okawaru.
  5468 | D:6      | HP: 3/60 [wraith (2)]
  5729 | D:6      | Noticed an unseen horror
  5750 | D:6      | Identified the staff of earth "Agyic" {rPois Dex+3}
  5802 | D:6      | Found a large runed translucent door.
  5803 | D:6      | Found a large runed translucent door.
  5804 | D:6      | Found a large runed translucent door.
  5804 | D:6      | Found a large runed translucent door.
  5862 | D:6      | Reached skill level 5 in Stealth
  5862 | D:6      | Noticed a kobold demonologist
  5875 | D:6      | Killed a kobold demonologist
  5876 | D:6      | Reached skill level 5 in Evocations
  5881 | D:6      | Reached XP level 9. HP: 51/65 MP: 15/15
  6263 | D:6      | Killed a cyclops
  6555 | D:6      | Noticed a brown ugly thing
  6584 | D:6      | Slain by a brown ugly thing

Illustrated notes

Levels and vault maps discovered:
D:1:      wander_arrival_estate, layout_rooms
D:2:      layout_rooms, serial_shops, shop, serial_park_tiny_pond, st_stairs_12
D:3:      layout_basic, nicolae_overflow_crystal_walls, chequers_avenue
D:4:      cheibrodos_thug_alley, layout_loops_ring, mainiacjoe_overflow_catwalk,
          vehumet_statue, minmay_misc_feat_diagonals, uniq_menkaure
D:5:      layout_rooms, mainiacjoe_overflow_small_starburst,
          dancing_weapons_uskayaw, kennysheep_mini_moat
D:6:      minmay_cornered_nines, layout_loops_ring, mainiacjoe_overflow_paths,
          minmay_hollow_rounded_squares, uniq_pikel

Skill      XL: |  1  2  3  4  5  6  7  8 |
---------------+-------------------------+-----
Dodging        | 2 3 4 |  4.3
Stealth        | 2 3 5 |  5.3
Fighting       | 1 2 3 4 |  4.3
Armour         | 1 2 4 |  4.3
Necromancy     | 5 6 |  6.3
Evocations     | 1 2 5 |  5.3
Spellcasting   | 3 4 |  4.3

Action                     |  1- 3 |  4- 6 |  7- 9 || total
---------------------------+-------+-------+-------++-------
  Melee: Unarmed           |    22 |       |       ||    22
         Dagger            |    69 |    28 |       ||    97
         Punch             |     1 |     1 |     4 ||     6
         Mace              |       |    66 |   205 ||   271
   Cast: Necrotise         |    65 |    43 |    56 ||   164
    Use: Potion            |       |       |     3 ||     3
   Stab: Sleeping          |       |     2 |       ||     2
         Distracted        |       |     1 |       ||     1
 Armour: Robe              |     4 |       |       ||     4
         Leather armour    |    13 |    23 |    34 ||    70
         Steam dragon scal |       |       |    13 ||    13
  Dodge: Dodged            |    51 |    59 |   159 ||   269
